 Dungeon Crawl Stone Soup version 0.30-b1-2-g02819fbbbe (webtiles) character file.

Game seed: 17603908998360449759

3594 alexzegreat the Thaumaturge (level 9, -8/51 HPs)
             Began as a Deep Elf Earth Elementalist on Sept 7, 2023.
             Shot with an arrow by a centaur warrior (18 damage)
             ... on level 8 of the Dungeon.
             The game lasted 00:13:31 (8272 turns).

alexzegreat the Thaumaturge (DEEE)                  Turns: 8272, Time: 00:13:32

Health: -8/51      AC: 10    Str:  5    XL:     9   Next: 85%
Magic:  40/43      EV: 14    Int: 30    God:
Gold:   378        SH:  0    Dex: 15    Spells: 21/28 levels left

rFire   . . .        (no weapon)
rCold   . . .        (no shield)
rNeg    . . .        N - +3 robe of Parlour Games {Drain MP+9 Int+5 Archmagi}
rPois   .            E - +1 hat
rElec   .            M - +1 cloak
rCorr   .            t - +0 pair of gloves
SInv    .            v - +0 pair of boots
Will    .....        (no amulet)
Stlth   +++          B - ring of magical power
HPRegen 0.28/turn    H - ring of wizardry
MPRegen 0.28/turn

%: wizardry (x1), archmagi
@: no status effects
A: no striking features
a: no special abilities


You were on level 8 of the Dungeon.
You visited 1 branch of the dungeon, and saw 8 of its levels.
You also visited: Sewer.

You collected 378 gold pieces.

Inventory:

Armour
 m - a +2 leather armour of fire resistance
 t - a +0 pair of gloves (worn)
 v - a +0 pair of boots (worn)
 E - a +1 hat (worn)
 J - +0 steam dragon scales
 M - a +1 cloak (worn)
 N - the +3 robe of Parlour Games (worn) {Drain MP+9 Int+5 Archmagi}
   (You found it on level 8 of the Dungeon)

   Int:       It affects your intelligence (+5).
   MP:        It affects your magic capacity (+9).
   Drain:     It drains your maximum health when unequipped.
   Archmagi:  It increases the power of your magical spells.
Jewellery
 B - a ring of magical power (left hand)
 H - a ring of wizardry (right hand)
Wands
 a - a wand of paralysis (10)
 l - a wand of iceblast (16)
 y - a wand of polymorph (5)
 F - a wand of acid (19)
 K - a wand of flame (30)
Scrolls
 c - 6 scrolls of identify {unknown}
 g - 2 scrolls of enchant weapon {unknown}
 k - a scroll of amnesia {unknown}
 p - 2 scrolls of teleportation {unknown}
 q - a scroll of vulnerability {unknown}
 r - 3 scrolls of noise {unknown}
 s - a scroll of fog {unknown}
 w - 5 scrolls of blinking {unknown}
 x - 3 scrolls of fear {unknown}
 z - 2 scrolls of brand weapon {unknown}
 C - a scroll of immolation {unknown}
 G - a scroll of magic mapping {unknown}
 L - 4 scrolls of enchant armour {unknown}
Potions
 b - 5 potions of magic
 d - 5 potions of heal wounds {unknown}
 e - 3 potions of flight {unknown}
 f - 2 potions of invisibility {unknown}
 h - 8 potions of curing {unknown}
 i - 2 potions of degeneration {unknown}
 j - a potion of mutation {unknown}
 n - 2 potions of attraction {unknown}
 o - 4 potions of haste {unknown}
 u - 2 potions of resistance {unknown}
 A - a potion of experience {unknown}
 D - a potion of might {unknown}
 I - a potion of lignification {unknown}


   Skills:
 * Level 3.5 Fighting
 + Level 2.1 Armour
 * Level 6.0 Dodging
 - Level 4.0 Stealth
 + Level 10.1 Spellcasting
 * Level 5.8 Conjurations
 + Level 1.2 Transmutations
 * Level 1.0 Ice Magic
 + Level 8.9 Earth Magic
 - Level 0.2 Evocations


You had 21 spell levels left.
You knew the following spells:

 Your Spells              Type           Power      Damage    Failure   Level
a - Sandblast             Erth           100%       2d20      1%          1
b - Stone Arrow           Conj/Erth      100%       3d13      1%          3
c - Frozen Ramparts       Ice            64%        1d10      2%          3

Your spell library contained the following spells:

 Spells                   Type           Power      Damage    Failure   Level
 Freeze                   Ice            100%       1d10      1%          1
 Sting                    Tmut/Pois      100%       1d8       1%          1
 Passwall                 Tmut/Erth      51%        N/A       1%          2
 Dazzling Flash           Conj/Hex       98%        N/A       1%          3
 Hailstorm                Conj/Ice       52%        3d12      1%          3
 Petrify                  Tmut/Erth      62%        N/A       1%          4
 Blink                    Tloc           44%        N/A       2%          2
 Cigotuvi's Dreadful Rot  Necr/Pois/Air  44%        N/A       2%          2
 Poisonous Vapours        Pois/Air       44%        N/A       2%          2
 Dispel Undead            Necr           22%        3d12      14%         4
 Manifold Assault         Tloc           22%        N/A       14%         4
 Olgreb's Toxic Radiance  Pois           22%        N/A       14%         4
 Agony                    Necr           22%        N/A       34%         5
 Silence                  Hex/Air        11%        N/A       34%         5
 Death Channel            Necr           11%        N/A       88%         6
 Storm Form               Tmut/Air       14%        N/A       100%        7


Dungeon Overview and Level Annotations

Branches:
Dungeon (8/15)             Temple (0/1) D:4           Sewer (visited)
   Lair: D:8-11

Altars:
Dithmenos
Elyvilon
Hepliaklqana
Makhleb
Wu Jian
Xom
Zin
The Shining One

Shops:
D:4 *

Annotations:
D:3 1 runed translucent door, anoamas321's ghost, amateur GrFE


Message History

You feel a surge of power!
The stone arrow hits the orc!
You kill the orc!
Found a stone staircase leading down.
Found 6 stones.
Things that are here:
a +0 flail; a +1 ring mail of willpower; an orc corpse
There is a stone staircase leading down here.
You see here 6 stones.
An orc is nearby!
An orc is nearby!
You can't see any susceptible monsters within range! (Use Z to cast anyway.) No target in view!
An orc wizard is nearby!
You feel a surge of power!
The stone arrow hits the orc wizard!!
You kill the orc wizard!
The orc shouts!
You feel a surge of power!
The stone arrow hits the orc!
You kill the orc!
You can't see any susceptible monsters within range! (Use Z to cast anyway.)
Things that are here:
a +0 dagger; 3 boomerangs; an orc corpse
Things that are here:
a +0 dagger; 3 boomerangs; an orc corpse A centaur warrior comes into view.
It is wielding a +0 dagger.
The centaur warrior unwields a +0 dagger.
The centaur warrior wields a +0 longbow.
The centaur warrior shoots an arrow.
The arrow hits you!
You hear a shout! x2
A centaur warrior is nearby!
A centaur warrior is nearby!
A centaur warrior is nearby!
You feel a surge of power!
The stone arrow hits the centaur warrior!!
The centaur warrior is heavily wounded.
The centaur warrior shoots an arrow.
The arrow hits you!!
Ouch! That really hurt!
* * * LOW HITPOINT WARNING * * *
An orc wizard comes into view. It is wielding a +0 dagger.
The centaur warrior shoots an arrow.
The arrow hits you!!
You die...

. #...#..)......# #..
####.. #.........# ###
...... #...).....# #
...... ##.##...### #
......# #.##...#
......# #.######
[.....# #.# ......#
##########.###########
......#
#.....@...............
......#
#..###'###..#.........
......##### ....
####.########
..........# ....#..
#...# ......#####.....
..c #.#.####
####.....##...## ##..
##.....# ###..##....
... #.....# ##..#...
o..#.....# ##.#
#.....###


You could see a centaur warrior and an orc wizard.

Vanquished Creatures
  Joseph (D:7)
  Sigmund (D:2)
  A wyvern (D:8)
  3 yaks (D:8)
  2 steam dragons
  Menkaure (D:7)
  An orc warrior (D:8)
  A black bear (D:5)
  A sky beast (D:7)
  2 ice beasts
  A phantom (D:5)
  A kobold brigand (Sewer)
  4 bullfrogs
  A gnoll sergeant (D:8)
  3 scorpions (D:6)
  4 killer bees (D:7)
  A hound (D:5)
  3 iron imps (D:8)
  3 jellies
  2 orc priests
  Crazy Yiuf (D:7)
  Ijyb (D:3)
  6 sleepcaps
  Natasha (thrice) (D:2)
  2 iguanas
  2 orc wizards
  3 gnolls (D:8)
  5 adders
  A river rat (Sewer)
  A shadow imp (D:7)
  2 white imps
  3 worms
  5 dart slugs
  29 orcs
  10 ball pythons
  8 endoplasms
  2 giant cockroaches (D:3)
  8 goblins
  9 hobgoblins
  16 kobolds
  4 quokkas
  5 bats
  3 frilled lizards (D:1)
  11 rats
  A spectral kobold (D:4)
178 creatures vanquished.

Notes
Turn   | Place    | Note
-------+----------+-------------------------------------------
     0 | D:1      | alexzegreat the Deep Elf Earth Elementalist began the quest
                  | for the Orb.
     0 | D:1      | Reached XP level 1. HP: 10/10 MP: 6/6
   142 | D:1      | Reached XP level 2. HP: 15/15 MP: 6/8
   921 | D:2      | Reached XP level 3. HP: 19/19 MP: 7/10
   968 | D:2      | Noticed Natasha
   973 | D:2      | Killed Natasha
   974 | D:2      | Reached skill level 4 in Spellcasting
   993 | D:2      | Noticed Natasha
  1004 | D:2      | Killed Natasha
  1005 | D:2      | Reached XP level 4. HP: 14/24 MP: 8/12
  1013 | D:2      | Noticed Natasha
  1015 | D:2      | Killed Natasha
  1072 | D:2      | Reached skill level 5 in Spellcasting
  1190 | D:2      | Noticed Sigmund
  1205 | D:2      | Killed Sigmund
  1206 | D:2      | Reached skill level 6 in Spellcasting
  1206 | D:2      | Reached skill level 5 in Earth Magic
  1206 | D:2      | Reached XP level 5. HP: 24/28 MP: 9/15
  1206 | D:2      | Reached XP level 6. HP: 28/32 MP: 10/17
  1578 | D:3      | Found a runed translucent door.
  1578 | D:3      | Noticed anoamas321's ghost (amateur GrFE)
  1673 | D:3      | Noticed Ijyb
  1675 | D:3      | Killed Ijyb
  1846 | D:3      | Found a glowing drain.
  1882 | Sewer    | Entered a sewer
  1968 | Sewer    | Learned a level 3 spell: Stone Arrow
  2579 | D:3      | Reached skill level 7 in Spellcasting
  3340 | D:4      | Reached XP level 7. HP: 36/36 MP: 14/19
  3396 | D:4      | Found Rudwioc's General Store.
  3523 | D:4      | Found a staircase to the Ecumenical Temple.
  3972 | D:4      | Found a hazy altar of Hepliaklqana.
  4035 | D:4      | Found a shadowy altar of Dithmenos.
  4215 | D:5      | Entered Level 5 of the Dungeon
  4450 | D:5      | Reached skill level 1 in Conjurations
  4452 | D:5      | Reached skill level 1 in Fighting
  4883 | D:6      | Reached skill level 8 in Spellcasting
  4883 | D:6      | Reached XP level 8. HP: 43/43 MP: 22/22
  5347 | D:6      | Found an ornate altar of the Wu Jian Council.
  5845 | D:7      | Reached skill level 1 in Armour
  5944 | D:7      | Reached skill level 9 in Spellcasting
  6136 | D:7      | Found a white marble altar of Elyvilon.
  6136 | D:7      | Found a glowing golden altar of the Shining One.
  6136 | D:7      | Found a glowing silver altar of Zin.
  6434 | D:7      | Noticed Joseph
  6447 | D:7      | Found a runed translucent door.
  6448 | D:7      | Noticed Crazy Yiuf
  6453 | D:7      | Killed Crazy Yiuf
  6492 | D:7      | Killed Joseph
  6493 | D:7      | Reached skill level 5 in Dodging
  6493 | D:7      | Reached XP level 9. HP: 26/49 MP: 18/24
  6752 | D:7      | Noticed Menkaure
  6755 | D:7      | Killed Menkaure
  6800 | D:7      | Found a shimmering altar of Xom.
  7319 | D:8      | Identified the +3 robe of Parlour Games {Drain MP+9 Int+5
                  | Archmagi}
  7449 | D:8      | Found a burning altar of Makhleb.
  7585 | D:8      | Noticed a white ugly thing
  7594 | D:8      | Reached skill level 5 in Conjurations
  7891 | D:8      | Learned a level 3 spell: Frozen Ramparts
  7917 | D:8      | Reached skill level 10 in Spellcasting
  8153 | D:8      | Reached skill level 1 in Ice Magic
  8271 | D:8      | Noticed a centaur warrior
  8272 | D:8      | Shot with an arrow by a centaur warrior

Illustrated notes

Levels and vault maps discovered:
D:1:      wheals_arrival_shading, layout_loops_ring,
          nicolae_concentric_dashed_squares_mild
D:2:      layout_rooms, moated_statue, uniq_sigmund, uniq_natasha
D:3:      minmay_door_path, layout_basic, ebering_ghost_sewer_d,
          gup_sewer_entry_glass, serial_glass, glass_columns_a, glass_columns_a,
          uniq_ijyb
D:4:      layout_loops_corners, nicolae_hepliaklqana_monster_ancestors,
          grunt_dithmenos_smoke, temple_fountains, serial_shops,
          nicolae_shop_rolling_square, serial_rivers,
          chequers_serial_rivers_room_a, chequers_serial_rivers_micro_a,
          chequers_serial_rivers_marsh, chequers_serial_rivers_micro_c,
          chequers_serial_rivers_micro_a, chequers_serial_rivers_room_b
D:5:      layout_basic
D:6:      layout_basic, nicolae_wu_jian_wuxing_cycle
D:7:      layout_basic, good_gods_mini_temple,
          mainiacjoe_overflow_six_doors_small, uniq_joseph,
          uniq_crazy_yiuf_cottage, uniq_menkaure
D:8:      layout_basic, demons_altar, grunt_potential

Skill      XL: |  1  2  3  4  5  6  7  8  9 |
---------------+----------------------------+-----
Spellcasting   | 4 6 7 8 9 10 | 10.1
Earth Magic    | 4 5 6 7 8 |  8.9
Dodging        | 3 5 6 |  6.0
Stealth        | 3 4 |  4.0
Conjurations   | 1 3 5 |  5.8
Fighting       | 1 2 3 |  3.5
Armour         | 1 2 |  2.1
Ice Magic      | 1 |  1.0
Transmutations | |  1.2
Evocations     | |  0.2

Action                     |  1- 3 |  4- 6 |  7- 9 || total
---------------------------+-------+-------+-------++-------
  Melee: Unarmed           |       |     1 |       ||     1
   Cast: Sandblast         |    32 |    95 |    60 ||   187
         Stone Arrow       |       |       |    84 ||    84
  Evoke: Wand              |       |       |     2 ||     2
 Armour: Robe              |     1 |     2 |     2 ||     5
         Leather armour    |       |       |     4 ||     4
  Dodge: Dodged            |     2 |    12 |    24 ||    38
